 Dungeon Crawl Stone Soup version 0.26.1-2-gb8aa6d0cf2 (webtiles) character file.

Game seed: 13255881895792208611

102 Brecoman the Ruffian (level 4, 0/38 HPs)
             Began as a Ghoul Gladiator on Mar 11, 2021.
             Slain by a gnoll
             ... wielding a cursed +0 flail
              (10 damage)
             ... on level 1 of the Dungeon.
             The game lasted 00:04:42 (1696 turns).

Brecoman the Ruffian (Ghoul Gladiator)              Turns: 1696, Time: 00:04:43

Health: 0/38       AC:  4    Str: 18    XL:     4   Next: 78%
Magic:  3/3        EV: 12    Int:  3    God:
Gold:   70         SH:  0    Dex: 10    Spells: 3/3 levels left

rFire    . . .     SeeInvis .     - Unarmed
rCold    + . .     Faith    .   (no shield)
rNeg     + + +     Spirit   .   a - +0 leather armour
rPois    ∞         Reflect  .   b - +0 helmet
rElec    .         Harm     .   (no cloak)
rCorr    .         Rampage  .   (no gloves)
Will     .....                  (no boots)
Stlth    +.........             (no amulet)
HPRegen  0.00/turn              (no ring)
MPRegen  0.08/turn              (no ring)

@: no status effects
A: claws 1, cold resistance 1, negative energy resistance 3, inhibited
regeneration, torment resistance, unbreathing
a: no special abilities


You were on level 1 of the Dungeon.
You visited 1 branch of the dungeon, and saw 2 of its levels.

You collected 70 gold pieces.

Inventory:

Missiles
 c - 4 throwing nets (quivered)
 e - 4 atropa-tipped darts
 i - 69 stones
 m - 14 poisoned darts
Armour
 a - a +0 leather armour (worn)
 b - a +0 helmet (worn)
Scrolls
 d - a scroll of remove curse {unknown}
 f - a scroll of enchant weapon {unknown}
 l - a scroll of identify {unknown}
Potions
 g - a potion of flight {unknown}
 h - 3 potions of curing {unknown}
 j - 2 potions of berserk rage {unknown}
 k - a potion of heal wounds {unknown}
 n - a potion of resistance {unknown}


   Skills:
 + Level 3.2 Fighting
 - Level 1.7 Throwing
 + Level 1.7 Armour
 + Level 3.3 Dodging
 + Level 4.0 Unarmed Combat


You had 3 spell levels left.
You didn't know any spells.
Your spell library was empty.

Dungeon Overview and Level Annotations

Branches:
Dungeon (2/15)

Altars:
The Shining One


Innate Abilities, Weirdness & Mutations

You thrive by killing the living.
You are immune to poison.
You have sharp fingernails.
Your flesh is cold resistant. (rC+)
You are immune to negative energy. (rN+++)
You do not regenerate when monsters are visible.
You are immune to unholy pain and torment.
You can survive without breathing.


Message History

The gnoll hits you from afar with a +0 spear.
You see here a goblin skeleton.
The gnoll barely misses you. The gnoll hits you but does no damage.
The gnoll barely misses you.
There is a stone staircase leading up here.
The gnoll hits you but does no damage.
You climb upwards.
There is a stone staircase leading down here.
You are too injured to fight recklessly!
You are too injured to fight recklessly!
You barely miss the gnoll. You closely miss the gnoll.
The gnoll hits you with a cursed +0 flail!
* * * LOW HITPOINT WARNING * * *
You scratch the gnoll but do no damage. The gnoll closely misses you.
You claw the gnoll!
The gnoll is heavily wounded.
The gnoll hits you with a cursed +0 flail!
You die...

..'.....#.......##........#######
###.....#.......#####'#####
#####.#.......# #.#
#.#.......#####.###########
#.####...#.................
#.####..÷#.##.#.#####.#....
#######...............# #..+....
#.........######.#.#.## #..#....
..........+.....@g.#..## #..#####
#.........####....###..###..# #
#.........# #...##.##..##..# #
#.........# ##..##...##..#..# ##
#.........###..##..#..##....# #.
#.........#...##..#.#..##...####.
#...........###..#._.#..###...##.
###########...##..#.#..##.....##.
###..#'..#..##.....###.


You could see a gnoll.

Vanquished Creatures
  4 adders (D:2)
  A worm (D:2)
  2 dart slugs (D:1)
  2 leopard geckos (D:1)
  10 bats
  A giant cockroach (D:2)
  6 goblins
  4 hobgoblins (D:1)
  7 jackals
  5 frilled lizards
  5 kobolds
  10 rats
57 creatures vanquished.

Notes
Turn   | Place    | Note
-------+----------+-------------------------------------------
     0 | D:1      | Brecoman the Ghoul Gladiator began the quest for the Orb.
     0 | D:1      | Reached XP level 1. HP: 17/17 MP: 0/0
    27 | D:1      | Found a glowing golden altar of the Shining One.
    80 | D:1      | Reached XP level 2. HP: 18/25 MP: 1/1
   454 | D:1      | Reached skill level 1 in Armour
   534 | D:1      | Reached XP level 3. HP: 30/30 MP: 2/2
  1047 | D:2      | Reached XP level 4. HP: 30/38 MP: 3/3
  1516 | D:2      | Reached skill level 4 in Unarmed Combat
  1696 | D:1      | Slain by a gnoll

Illustrated notes

Levels and vault maps discovered:
D:1:      roderic_octagonal_star, layout_basic, tso_metal_star
D:2:      kennysheep_six_static_rooms, layout_basic, kennysheep_generic_room_14

Skill      XL: |  1  2  3  4 |
---------------+-------------+-----
Dodging        | 3 |  3.3
Armour         | 1 |  1.7
Fighting       | 3 |  3.2
Unarmed Combat | 4 |  4.0
Throwing       | |  1.7

Action                   |  1- 3 |  4- 6 || total
-------------------------+-------+-------++-------
Melee: Unarmed           |   123 |    54 ||   177
       Punch             |       |     1 ||     1
Armor: Leather armour    |    34 |    26 ||    60
Dodge: Dodged            |    89 |    52 ||   141
